 Dungeon Crawl Stone Soup version 0.20.1-1-g8b1a95d (webtiles) character file.

97 grizmgrazm2 the Sneak (level 4, -1/27 HPs)
             Began as a Vampire Enchanter on Oct 1, 2017.
             Was an Initiate of Hepliaklqana.
             Killed from afar by vatarom's ghost (8 damage)
             ... with a zap
             ... on level 3 of the Dungeon.
             The game lasted 00:04:01 (1700 turns).

grizmgrazm2 the Sneak (Vampire Enchanter)           Turns: 1700, Time: 00:04:03

Health: -1/27      AC:  2    Str:  7    XL:     4   Next: 42%
Magic:  2/8        EV: 13    Int: 18    God:    Hepliaklqana [......]
Gold:   173        SH:  0    Dex: 14    Spells: 2/8 levels left

rFire    . . .     SeeInvis +   h - +2 dagger (drain)
rCold    + . .     Gourm    .   (no shield)
rNeg     + + .     Faith    .   b - +0 robe
rPois    +         Spirit   .   (no helmet)
rElec    .         Reflect  .   (no cloak)
rCorr    .         Harm     .   (no gloves)
MR       .....                  (no boots)
Stlth    ++++......             (no amulet)
Regen    0.1/turn               (no ring)
MPRegen  0.2/turn               (no ring)

@: regenerating slowly
A: reduced essence, fangs 3, see invisible, unbreathing
a: Bat Form, Recall Ancestor, Ancestor Identity, Renounce Religion


You were on level 3 of the Dungeon.
You worshipped Hepliaklqana.
Hepliaklqana was noncommittal.
You were near bloodless.

You visited 1 branch of the dungeon, and saw 3 of its levels.

You collected 173 gold pieces.

Inventory:

Hand Weapons
 a - a +1 dagger
 h - a +2 dagger of draining (weapon)
Armour
 b - a +0 robe (worn)
Jewellery
 j - a +6 ring of dexterity {unknown}
Scrolls
 f - 2 scrolls of amnesia {unknown}
 g - a scroll of remove curse {unknown}
 k - 3 scrolls of teleportation {unknown}
 l - a scroll of noise {unknown}
 o - a scroll of immolation {unknown}
 q - 3 scrolls of identify {unknown}
Potions
 d - 3 potions of blood
 e - a potion of resistance {unknown}
 i - a potion of curing {unknown}
 m - a potion of agility {unknown}
 n - 3 potions of heal wounds {unknown}
 p - a potion of might {unknown}
 r - a potion of invisibility {unknown}
 s - a potion of mutation {unknown}
Books
 c - a book of Maledictions

   Spells                             Type                      Level
   a - Corona                         Hexes                        1
   b - Ensorcelled Hibernation        Hexes/Ice                    2
   c - Confuse                        Hexes                        3
   d - Tukima's Dance                 Hexes                        3
   e - Dazzling Spray                 Conjuration/Hexes            3


   Skills:
 + Level 2.0 Short Blades
 + Level 2.6 Dodging
 + Level 5.5 Stealth
 + Level 2.6 Spellcasting
 + Level 5.3 Hexes
 + Level 0.4 Ice Magic


You had 2 spell levels left.
You knew the following spells:

 Your Spells              Type           Power        Failure   Level  Hunger
a - Ensorcelled Hibernat  Hex/Ice        ##....       8%          2    ##.....
b - Confuse               Hex            ###.....     5%          3    ###....
c - Corona                Hex            ###....      1%          1    #......


Dungeon Overview and Level Annotations

Branches:
Dungeon (3/15)

Altars:
Hepliaklqana

Annotations:
D:3 vatarom's ghost, amateur DsAE


Innate Abilities, Weirdness & Mutations

You heal slowly.
You have razor-sharp teeth.
You have supernaturally acute eyesight. (SInv)
You can survive without breathing.
Your life essence is reduced to manifest your ancestor. (-10% HP)


Message History

Vatarom's ghost wails, "You will never get the ORB!"
Vatarom's ghost barely misses you.
Atia barely misses vatarom's ghost.
Casting: Confuse
Confirm with . or Enter, or press ? or * to list all spells.
You don't have enough magic to cast that spell.
Unknown command.
Casting: Confuse
Confirm with . or Enter, or press ? or * to list all spells.
You don't have enough magic to cast that spell.
Unknown command.
You closely miss vatarom's ghost.
Vatarom's ghost is almost destroyed.
Vatarom's ghost hits you.
Atia misses vatarom's ghost.
You hit vatarom's ghost but do no damage.
Vatarom's ghost is almost destroyed.
Vatarom's ghost points at you and mumbles some strange words.
The zap hits you!
* * * LOW HITPOINT WARNING * * *
The zap hits you!
You die...

###### ....
#..##########.#####
#......<...[).....+
#######.#####....##
..........RW#
####.###...@.# ..
#...### .......#
#####..# .... #####


You could see the friendly Atia the ancestor and vatarom's ghost.

Vanquished Creatures
  An orc wizard (D:3)
  2 adders (D:2)
  A worm (D:2)
  2 dart slugs
  A leopard gecko (D:1)
  4 orcs (D:3)
  A giant cockroach (D:1)
  3 goblins
  6 hobgoblins
  A jackal (D:1)
  A ball python (D:2)
  6 bats
  3 frilled lizards
  4 kobolds
  6 rats
42 creatures vanquished.

Notes
Turn   | Place    | Note
-------+----------+-------------------------------------------
     0 | D:1      | grizmgrazm2 the Vampire Enchanter began the quest for the Orb.
     0 | D:1      | Reached XP level 1. HP: 13/13 MP: 3/3
   522 | D:1      | Reached XP level 2. HP: 15/19 MP: 3/5
   526 | D:1      | Learned a level 2 spell: Ensorcelled Hibernation
   921 | D:2      | Reached XP level 3. HP: 24/24 MP: 6/6
   926 | D:2      | Learned a level 3 spell: Confuse
   950 | D:2      | Reached skill level 5 in Stealth
  1265 | D:2      | Reached skill level 5 in Hexes
  1339 | D:2      | Found a hazy altar of Hepliaklqana.
  1614 | D:2      | Became a worshipper of Hepliaklqana the Forgotten
  1643 | D:3      | Reached XP level 4. HP: 27/27 MP: 1/7
  1673 | D:3      | Noticed vatarom's ghost (amateur DsAE)
  1700 | D:3      | Killed from afar by vatarom's ghost

Skill      XL: |  1  2  3 |
---------------+----------+-----
Stealth        | 5 |  5.5
Hexes          | 5 |  5.3
Short Blades   | 2 |  2.0
Dodging        | |  2.6
Spellcasting   | |  2.6
Ice Magic      | |  0.4

Action                   |  1- 3 |  4- 6 || total
-------------------------+-------+-------++-------
Melee: Dagger            |    74 |    24 ||    98
       Bite              |     5 |     1 ||     6
 Cast: Corona            |     7 |       ||     7
       Ensorcelled Hiber |    11 |     1 ||    12
       Confuse           |     1 |     1 ||     2
 Stab: Sleeping          |    21 |       ||    21
       Confused          |       |     1 ||     1
Armor: Robe              |     7 |     2 ||     9
Dodge: Dodged            |    32 |     8 ||    40
